 Dungeon Crawl Stone Soup version 0.29-a0-474-gdfe5cd140f (webtiles) character file.

Game seed: 17673677216987029210

300 Linklo the Slasher (level 6, -4/78 HPs)
             Began as a Minotaur Berserker on May 23, 2022.
             Was a Believer of Trog.
             Slain by an ogre
             ... wielding a +0 giant club
              (21 damage)
             ... on level 4 of the Dungeon.
             The game lasted 00:32:38 (2457 turns).

Linklo the Slasher (Minotaur Berserker)             Turns: 2457, Time: 00:32:38

Health: -4/78      AC: 23    Str: 24    XL:     6   Next: 13%
Magic:  5/5        EV:  2    Int:  4    God:    Trog [**....]
Gold:   144        SH:  5    Dex:  9    Spells: 5/5 levels left

rFire   x . .      SeeInvis .   s - +0 long sword
rCold   + . .      Faith    .   (no shield)
rNeg    . . .      Spirit   .   (body armour currently unavailable)
rPois   +          Reflect  +   (helmet currently unavailable)
rElec   .          Harm     .   (cloak currently unavailable)
rCorr   .          Rampage  .   (gloves currently unavailable)
Will    .....      NoTele   +   (boots currently unavailable)
Stlth   +.........              n - amulet of reflection
HPRegen 0.23/turn               j - ring of ice
MPRegen 0.09/turn               (no ring)

@: brilliant, tree-form
A: stationary, stasis, torment immunity, boosted hp, (horns 2), (retaliatory
headbutt)
a: Renounce Religion, Berserk, Trog's Hand


You were on level 4 of the Dungeon.
You worshipped Trog.
Trog was pleased with you.
You were a tree.
You visited 1 branch of the dungeon, and saw 4 of its levels.

You collected 144 gold pieces.

Inventory:

Hand Weapons
 a - a +0 hand axe
 s - a +0 long sword (weapon)
Missiles
 d - 6 atropa-tipped darts
 e - 61 stones
 f - 3 boomerangs (quivered)
 g - 8 javelins
 t - 2 poisoned darts
Armour
 b - a +0 animal skin
 c - a +0 pair of boots (melded)
 h - a +0 leather armour (melded)
Jewellery
 j - a ring of ice (left branch)
 n - an amulet of reflection (around neck)
Scrolls
 i - a scroll of amnesia {unknown}
 k - a scroll of teleportation {unknown}
 l - 4 scrolls of poison {unknown}
 o - a scroll of vulnerability {unknown}
 r - a scroll of summoning {unknown}
Potions
 m - a potion of cancellation
 q - a potion of degeneration {unknown}
 u - a potion of might {unknown}


   Skills:
 - Level 4.2 Fighting
 + Level 5.9 Long Blades
 - Level 4.4 Axes
 - Level 0.9 Throwing
 - Level 2.8 Armour
 - Level 2.6 Dodging
 - Level 0.1 Stealth


You had 5 spell levels left.
You didn't know any spells.
Your spell library was empty.

Dungeon Overview and Level Annotations

Branches:
Dungeon (4/15)
 Temple: D:4-7

Altars:


Innate Abilities, Weirdness & Mutations

You are a tree.
Your roots penetrate the ground, keeping you stationary.
You cannot be teleported.
You are immune to unholy pain and torment.
Your maximum health is greatly increased.
Your equipment is partially melded.
((You have a pair of horns on your head.))
((You reflexively headbutt those who attack you in melee.))


Message History

The ufetubus hits you but does no damage.
Eustachio gestures wildly while chanting.
The river rat bites you.
The quasit bites you but does no damage.
The quasit claws you but does no damage. x2
You hit Eustachio.
You kill Eustachio!
Trog accepts your kill.
Trog appreciates your killing of a magic user.
The river rat disappears in a puff of smoke!
The ufetubus disappears in a puff of smoke!
The bat disappears in a puff of smoke!
The quasit disappears in a puff of smoke!
You feel your dexterity returning.
Your Long Blades skill increases to level 5!
You have reached level 6!
You cannot move.
You cannot move.
An ogre is nearby!
You cannot move.
You cannot move.
You cannot move.
An ogre is nearby!
You block the ogre's attack.
You hit the ogre.
The ogre is lightly wounded.
You block the ogre's attack.
You slash the ogre!
The ogre is moderately wounded.
You slash the ogre!
The ogre is severely wounded.
The ogre hits you with a +0 giant club!!
* * * LOW HITPOINT WARNING * * *
You hit the ogre.
The ogre is almost dead.
The ogre hits you but does no damage.
You hit the ogre.
The ogre is almost dead.
The ogre hits you with a +0 giant club!!
You die...

## #(# #. #(. ... ..#
.##.. #.####.#
..(..##.....(#
.............#..
....)...!........
#.....((.........
#...O.........
#..#.♣#§....#
#...).......#
#...........#
####..#........#########
###.........†.............
........................##
##................#.....#
#.######..†......#.....##
# #...............).


You could see an ogre.

Vanquished Creatures
  Eustachio (D:4)
  An iguana (D:4)
  An orc wizard (D:4)
  5 adders
  A worm (D:3)
  2 dart slugs
  3 orcs
  9 ball pythons
  7 endoplasms
  3 giant cockroaches
  5 goblins
  5 hobgoblins
  3 jackals (D:2)
  8 kobolds
  A bat (D:1)
  A frilled lizard (D:2)
  5 rats
61 creatures vanquished.

Notes
Turn   | Place    | Note
-------+----------+-------------------------------------------
     0 | D:1      | Linklo the Minotaur Berserker began the quest for the Orb.
     0 | D:1      | Reached XP level 1. HP: 19/19 MP: 0/0
   174 | D:1      | Reached XP level 2. HP: 26/27 MP: 1/1
   896 | D:1      | Reached ** piety under Trog
  1037 | D:2      | Reached XP level 3. HP: 33/33 MP: 2/2
  1487 | D:3      | Reached skill level 1 in Long Blades
  1513 | D:3      | Reached XP level 4. HP: 38/40 MP: 3/3
  1526 | D:3      | Found a faded altar of an unknown god.
  2177 | D:4      | Reached skill level 2 in Long Blades
  2228 | D:4      | Reached skill level 3 in Long Blades
  2388 | D:4      | Reached XP level 5. HP: 46/46 MP: 4/4
  2404 | D:4      | Reached skill level 4 in Long Blades
  2419 | D:4      | Noticed Eustachio
  2445 | D:4      | Noticed an ogre
  2449 | D:4      | Killed Eustachio
  2450 | D:4      | Reached skill level 5 in Long Blades
  2450 | D:4      | Reached XP level 6. HP: 36/52 MP: 5/5
  2457 | D:4      | Slain by an ogre

Illustrated notes

Levels and vault maps discovered:
D:1:      minmay_arrival_split_and_join, layout_basic, minmay_pentomino_r4
D:2:      layout_basic
D:3:      layout_basic, hellmonk_ecumenical_altar_blasted, serial_curves,
          eino_curves_02, eino_curves_04, dk_vineyard_1
D:4:      layout_basic, chequers_temple_overflow_minitemple,
          hangedman_abyss_or_decor_lesser_grid, grunt_ministairs_8,
          uniq_crazy_yiuf_cottage, uniq_eustachio, uniq_edmund, uniq_ijyb

Skill      XL: |  1  2  3  4  5 |
---------------+----------------+-----
Fighting       | 4 |  4.2
Axes           | 4 |  4.4
Long Blades    | 1 3 5 |  5.9
Throwing       | |  0.9
Armour         | |  2.8
Dodging        | |  2.6
Stealth        | |  0.1

Action                   |  1- 3 |  4- 6 || total
-------------------------+-------+-------++-------
Melee: Hand axe          |    32 |       ||    32
       Headbutt          |    10 |    13 ||    23
       Long sword        |    12 |    68 ||    80
       Punch             |       |     1 ||     1
Throw: Boomerang         |    47 |    15 ||    62
       Javelin           |     3 |    10 ||    13
       Dart              |       |    13 ||    13
       Stone             |       |     1 ||     1
  Use: Potion            |       |     5 ||     5
Armor: Animal skin       |     1 |       ||     1
       Leather armour    |     5 |    29 ||    34
       Skin              |       |    26 ||    26
Dodge: Dodged            |    26 |    73 ||    99
Block: Other             |     2 |    37 ||    39
       Reflection        |     1 |     1 ||     2

Table legend: (Time is in decaauts)
 A = Elapsed time spent in this place.
 B = Non-inter-level travel time spent in this place.
 C = Inter-level travel time spent in this place.
 D = Time resting spent in this place.
 E = Time spent auto-exploring this place.
 F = Levels seen in this place.
 G = Mean time per level.
                   A        B        C        D        E       F      G
               +--------+--------+--------+--------+--------+-----+--------+
         Total |   2503 |   1546 |    957 |    401 |    673 |   4 |  625.8 |
       Dungeon |   2503 |   1546 |    957 |    401 |    673 |   4 |  625.8 |
               +--------+--------+--------+--------+--------+-----+--------+

Top non-repeatable levels by time:
     D:1: 1003 daAuts
     D:3: 822 daAuts
     D:4: 343 daAuts
     D:2: 332 daAuts
